 Dungeon Crawl Stone Soup version 0.17.1-2-g5865329 (webtiles) character file.

324 PossumBlood the Magician (level 6, 0/32 HPs)
             Began as a Deep Elf Wizard on Jan 21, 2016.
             Was an Initiate of Vehumet.
             Succumbed to an adder's poison
             ... on level 4 of the Dungeon.
             The game lasted 00:17:28 (3547 turns).

PossumBlood the Magician (Deep Elf Wizard)          Turns: 3547, Time: 00:17:28

Health: 0/32       AC:  3    Str:  4    XL:     6   Next: 23%
Magic:  6/18       EV: 12    Int: 25    God:    Vehumet [......]
Gold:   141        SH:  0    Dex: 13    Spells: 6 memorised, 6 levels left

rFire  . . .     SeeInvis .     q - +0 quarterstaff
rCold  . . .     Clarity  +     a - +0 robe
rNeg   . . .     SustAt   .     (shield currently unavailable)
rPois  .         Gourm    .     b - +1 hat
rElec  .         Spirit   .     (no cloak)
rCorr  .         Warding  .     (no gloves)
rMut   .         Stasis   .     (no boots)
MR     .....                    o - amulet of clarity
Stlth  +++.......               (no ring)
                                e - ring of stealth

@: lethally poisoned (0 -> -1), very slightly contaminated, repel missiles, not
resistant to hostile enchantments, fairly stealthy
A: no striking features
a: Renounce Religion


You were on level 4 of the Dungeon.
You worshipped Vehumet.
Vehumet was noncommittal.
You were not hungry.

You visited 2 branches of the dungeon, and saw 5 of its levels.

You collected 141 gold pieces.

Inventory:

Hand Weapons
 q - a +0 quarterstaff (weapon)
Armour
 a - a +0 robe (worn)
 b - a +1 hat (worn)
Jewellery
 e - a ring of stealth (left hand)
 o - an amulet of clarity (around neck)
Wands
 n - a wand of polymorph (0)
Scrolls
 h - 5 scrolls of identify
Potions
 d - a potion of curing {unknown}
 g - 2 potions of heal wounds
 j - a potion of berserk rage
 k - a potion of mutation
Books
 c - a book of Minor Magic

   Spells                             Type                      Level
   a - Magic Dart                     Conjuration                  1
   b - Blink                          Translocation                2
   c - Call Imp                       Summoning                    2
   d - Repel Missiles                 Charms/Air                   2
   e - Slow                           Hexes                        2
   f - Conjure Flame                  Conjuration/Fire             3
   g - Mephitic Cloud                 Conjuration/Poison/Air       3
Comestibles
 l - a meat ration


   Skills:
 - Level 2.4 Dodging
 - Level 2.4 Stealth
 - Level 7.0 Spellcasting
 + Level 5.3 Conjurations
   Level 1.1 Summonings
 - Level 1.1 Translocations


You had 6 spell levels left.
You knew the following spells:

 Your Spells              Type           Power        Failure   Level  Hunger
a - Magic Dart            Conj           ####         1%          1    None
b - Blink                 Tloc           N/A          10%         2    None
c - Repel Missiles        Chrm/Air       #.....       12%         2    None
d - Slow                  Hex            #.......     12%         2    None
e - Conjure Flame         Conj/Fire      ###.....     10%         3    None
f - Mephitic Cloud        Conj/Pois/Air  ###.....     12%         3    None


Dungeon Overview and Level Annotations

Branches:
Dungeon (4/15)             Temple (1/1) D:4

Altars:
Cheibriados
Elyvilon
Fedhas
Gozag
Makhleb
Qazlal
Ru
Sif Muna
Vehumet
Xom
Zin

Annotations:
D:4 PossumBlood's ghost, amateur DEWz


Message History

The adder bites you. The adder barely misses you.
PossumBlood's ghost hits you but does no damage.
The adder bites you.
You are poisoned.
The adder poisons you!
You feel sick. The adder bites you but does no damage.
You feel sick.
PossumBlood's ghost whispers, "There is no future for you."
The adder bites you.
* * * LOW HITPOINT WARNING * * *
PossumBlood's ghost hits you.
* * * LOW HITPOINT WARNING * * *
The adder barely misses you. PossumBlood's ghost misses you.
You feel sick. The adder bites you.
* * * LOW HITPOINT WARNING * * *
The adder completely misses you. PossumBlood's ghost hits you.
* * * LOW HITPOINT WARNING * * *
You die...

#........#....####.# ####
#........###### #.### ...#
#..≈≈.≈..# #.... ##.# #..≈.≈...#
##.## #.# #...≈.≈..# #.##
#.######.##..≈.§≈..# #.##
#........##..§..WSO# #...
##.#########........# ####
...##### ####'@#### #######
.......########..##### #......
##..................<# #.#####
#...##.#############.######.#
....##.# #...........#
#...##.##########.##.##.....#####
#<#.##.............#.#...........
#.#.#########...⌠....#......#####
#.#.# #........#.......#


You could see an ogre, PossumBlood's ghost and an adder.

Vanquished Creatures
  An ogre (D:4)
  A scorpion (D:4)
  Ijyb (D:2)
  4 gnolls (D:3)
  8 adders
  A worm (D:3)
  An orc (D:3)
  4 bats
  A giant cockroach (D:3)
  6 goblins
  2 hobgoblins
  2 giant geckos (D:2)
  6 giant newts
  2 jackals (D:4)
  8 kobolds
  7 rats
55 creatures vanquished.

Notes
Turn   | Place    | Note
--------------------------------------------------------------
     0 | D:1      | PossumBlood the Deep Elf Wizard began the quest for the Orb.
     0 | D:1      | Reached XP level 1. HP: 10/10 MP: 7/7
    85 | D:1      | Reached skill level 5 in Spellcasting
   190 | D:1      | Reached XP level 2. HP: 15/15 MP: 5/10
   852 | D:2      | Reached skill level 6 in Spellcasting
   852 | D:2      | Reached XP level 3. HP: 8/19 MP: 2/12
  1344 | D:2      | Found a sacrificial altar of Ru.
  1600 | D:2      | Noticed Ijyb
  1609 | D:2      | Lost strength.
  1647 | D:2      | Killed Ijyb
  1647 | D:2      | Reached XP level 4. HP: 18/24 MP: 1/14
  1768 | D:2      | Reached skill level 7 in Spellcasting
  1870 | D:2      | Learned a level 2 spell: Blink
  1873 | D:2      | Learned a level 2 spell: Repel Missiles
  1876 | D:2      | Learned a level 2 spell: Slow
  1880 | D:2      | Learned a level 3 spell: Conjure Flame
  1884 | D:2      | Learned a level 3 spell: Mephitic Cloud
  2319 | D:3      | Reached XP level 5. HP: 28/28 MP: 9/16
  2866 | D:3      | Found a blossoming altar of Fedhas.
  2984 | D:4      | Found a staircase to the Ecumenical Temple.
  3002 | Temple   | Entered the Ecumenical Temple
  3099 | Temple   | Became a worshipper of Vehumet
  3328 | D:4      | Noticed an ogre
  3342 | D:4      | Killed an ogre
  3342 | D:4      | Reached skill level 5 in Conjurations
  3342 | D:4      | Reached XP level 6. HP: 32/32 MP: 6/18
  3429 | D:4      | Found a deep blue altar of Sif Muna.
  3515 | D:4      | Noticed PossumBlood's ghost (amateur DEWz)
  3522 | D:4      | Noticed an ogre
  3546 | D:4      | HP: 1/32 [PossumBlood's ghost (2)]
  3547 | D:4      | Succumbed to an adder's poison

Action                   |  1- 3 |  4- 6 || total
-------------------------+-------+-------++-------
Melee: Short sword       |       |     5 ||     5
 Cast: Magic Dart        |    76 |    98 ||   174
       Mephitic Cloud    |       |     2 ||     2
       Conjure Flame     |       |     4 ||     4
       Repel Missiles    |       |     1 ||     1
       Blink             |       |     1 ||     1
  Use: Potion            |       |     1 ||     1
       Scroll            |       |    10 ||    10
  Eat: Bread ration      |     1 |     1 ||     2
       Fruit             |     1 |       ||     1
